 Dungeon Crawl Stone Soup version 0.24.0-13-gcf9b3192b9 (webtiles) character file.

Game seed: 17896297288909520621, levelgen mode: deterministic

82656 Aviak the Pandemonic (level 15, -1/144 HPs)
             Began as a Deep Dwarf Fighter on Nov 9, 2019.
             Was a High Priest of Makhleb.
             Slain by an enormous slime creature (58 damage)
             ... on level 14 of the Dungeon.
             The game lasted 00:41:45 (19747 turns).

Aviak the Pandemonic (Deep Dwarf Fighter)          Turns: 19747, Time: 00:41:46

Health: -1/144     AC: 29    Str: 25    XL:     15   Next: 30%
Magic:  3/3        EV:  9    Int: 10    God:    Makhleb [*****.]
Gold:   1940       SH: 16    Dex:  8    Spells: 14/14 levels left

rFire    . . .     SeeInvis .   a - +3 war axe (venom)
rCold    + + .     Gourm    .   P - +3 shield of Wobaeleo {rC+ rN++}
rNeg     + + +     Faith    .   Z - +4 plate armour {rC+}
rPois    +         Spirit   .   (no helmet)
rElec    .         Reflect  .   G - +1 cloak {rPois}
rCorr    .         Harm     .   v - +0 pair of gloves
MR       +++++     Clarity  +   o - +0 pair of boots of Gigivebb {+Inv MR+ Regen+ Dex-4} (curse)
Stlth    ..........             W - amulet of the Four Winds {rN+ MR+++ Clar}
HPRegen  0.00/turn              y - ring of attention (curse)
MPRegen  0.08/turn              A - +4 ring of protection

@: marked, non-regenerating
A: damage resistance, heal wounds, negative energy resistance 1, sense
surroundings 2, no regeneration
a: Heal Wounds, Minor Destruction, Lesser Servant of Makhleb, Major Destruction,
Greater Servant of Makhleb, Renounce Religion, Evoke Invisibility


You were on level 14 of the Dungeon.
You worshipped Makhleb.
Makhleb was extremely pleased with you.
You were not hungry.

You visited 4 branches of the dungeon, and saw 23 of its levels.
You also visited: Gauntlet.

You collected 2359 gold pieces.
You spent 419 gold pieces at shops.

Inventory:

Hand Weapons
 a - a +3 war axe of venom (weapon)
 z - a +0 hand axe of flaming
 L - a +0 broad axe
Armour
 o - the cursed +0 pair of boots of Gigivebb (worn) {+Inv MR+ Regen+ Dex-4}
   (You found it in a Gauntlet)

   It affects your dexterity (-4).
   It affects your resistance to hostile enchantments.
   It lets you turn invisible.
   It increases your rate of regeneration.
   It has a curse placed upon it.
 v - a +0 pair of gloves (worn)
 F - +1 fire dragon scales {rF++ rC-}
 G - a +1 cloak of poison resistance (worn)
 P - the +3 shield of Wobaeleo (worn) {rC+ rN++}
   (You took it off an orc on level 9 of the Dungeon)

   It protects you from cold.
   It greatly protects you from negative energy.
 Z - a +4 plate armour of cold resistance (worn)
Jewellery
 c - an uncursed ring of protection from magic {unknown}
 x - an uncursed amulet of faith {!P}
 y - a cursed ring of attention (left hand)
 A - a +4 ring of protection (right hand)
 C - an uncursed ring of stealth {unknown}
 U - an uncursed ring of ice
 W - the amulet of the Four Winds (around neck) {rN+ MR+++ Clar}
   (You found it on level 6 of the Lair of Beasts)

   [amulet of nothing]

   It protects you from negative energy.
   It affects your resistance to hostile enchantments.
   It protects you against confusion.
Wands
 I - a wand of disintegration (9)
 K - a wand of enslavement (8)
 M - a wand of flame (27)
 O - a wand of scattershot (5)
 S - a wand of digging (4)
Scrolls
 b - 3 scrolls of immolation {unknown}
 e - 17 scrolls of identify {unknown}
 h - a scroll of blinking {unknown}
 i - 14 scrolls of remove curse {unknown}
 j - 2 scrolls of enchant weapon {unknown}
 l - 6 scrolls of fog {unknown}
 m - 6 scrolls of teleportation {unknown}
 r - 2 scrolls of noise {unknown}
 t - 5 scrolls of random uselessness {unknown}
 w - 2 scrolls of torment {unknown}
 E - 3 scrolls of amnesia {unknown}
 H - 2 scrolls of magic mapping {unknown}
 N - 2 scrolls of fear {unknown}
 V - a scroll of acquirement {unknown}
 X - 2 scrolls of enchant armour {unknown}
 Y - a scroll of silence {unknown}
Potions
 d - 3 potions of might
 g - 2 potions of haste
 k - 4 potions of lignification {unknown}
 n - a potion of berserk rage {unknown}
 p - 8 potions of curing
 q - a potion of invisibility {unknown}
 s - 8 potions of heal wounds
 u - a potion of resistance {unknown}
 B - 5 potions of agility {unknown}
 D - 2 potions of mutation {unknown}
 J - 2 potions of brilliance {unknown}
 Q - a potion of ambrosia {unknown}
 R - 4 potions of flight {unknown}
Comestibles
 f - 39 rations


   Skills:
 + Level 11.9 Fighting
 + Level 13.6 Axes
 + Level 13.1 Armour
 - Level 5.4 Dodging
 + Level 13.8 Shields
 + Level 14.2 Invocations


You had 14 spell levels left.
You didn't know any spells.
Your spell library contained the following spells:

 Spells                   Type           Power        Failure   Level  Hunger
 Animate Skeleton         Necr           N/A          98%         1    ##.....
 Apportation              Tloc           #.....       98%         1    ##.....
 Confusing Touch          Hex            #.....       98%         1    ##.....
 Corona                   Hex            #......      98%         1    ##.....
 Infusion                 Chrm           #...         98%         1    ##.....
 Summon Small Mammal      Summ           #...         98%         1    ##.....
 Ensorcelled Hibernation  Hex/Ice        #.....       99%         2    ###....
 Shroud of Golubria       Chrm/Tloc      #.....       99%         2    ###....
 Confuse                  Hex            #.......     100%        3    ####...
 Dazzling Spray           Conj/Hex       #.....       100%        3    ####...
 Gell's Gravitas          Tloc           #.........   100%        3    ####...
 Ozocubu's Armour         Chrm/Ice       #.......     100%        3    ####...
 Stone Arrow              Conj/Erth      #.....       100%        3    ####...
 Tukima's Dance           Hex            #.......     100%        3    ####...
 Petrify                  Tmut/Erth      #.......     100%        4    #####..
 Agony                    Necr           #.......     100%        5    ######.
 Irradiate                Conj/Tmut      #.........   100%        5    ######.
 Metabolic Englaciation   Hex/Ice        #.........   100%        5    ######.
 Yara's Violent Unravell  Hex/Tmut       #.........   100%        5    ######.
 Death Channel            Necr           #.........   100%        6    #######
 Hydra Form               Tmut           #.........   100%        6    #######
 Statue Form              Tmut/Erth      #........    100%        6    #######
 Dragon Form              Tmut           #.........   100%        7    #######
 Ring of Flames           Chrm/Fire      #.........   100%        7    #######
 Regeneration             Chrm/Necr      Unusable     N/A         3    N/A

Dungeon Overview and Level Annotations

Branches:
Dungeon (14/15)            Temple (1/1) D:7            Lair (6/6) D:8
 Shoals (0/4) Lair:2        Snake (0/4) Lair:2        Slime (0/5) Lair:6
    Orc (2/2) D:9             Elf (0/3) Orc:2        Vaults (0/5) D:13
Gauntlet (visited)

Altars:
Ashenzari
Cheibriados
Dithmenos
Elyvilon
Fedhas
Gozag
Hepliaklqana
Kikubaaqudgha
Makhleb
Nemelex Xobeh
Okawaru
Qazlal
Ru
Sif Muna
Trog
Uskayaw
Vehumet
Wu Jian
Xom
Yredelemnul
Zin
The Shining One
Beogh

Shops:
D:4 (   D:6 !   D:7 :   Orc:2 [}(}

Annotations:
D:3 1 runed translucent door
D:5 3 runed translucent doors, Esos's ghost, amateur DgIE
D:6 2 transporters, Nattefrost's ghost, novice HuMo
D:8 exclusions: lindwurm and 2 more exclusions


Innate Abilities, Weirdness & Mutations

You are resistant to damage.
You can heal yourself by infusing magical energy.
You resist negative energy. (rN+)
You passively map the area around you.
You do not regenerate.


Message History

The howler monkey moves out of view.
Evoke which item? (* to show all) (? for menu, Esc to quit)
Okay, then.
A demon appears!
The enormous slime creature hits you!!!
* * * LOW HITPOINT WARNING * * *
Unknown command.
Unknown command.
You feel much better. The enormous slime creature hits you!!
* * * LOW HITPOINT WARNING * * *
Your blizzard demon gestures at the enormous slime creature.
The bolt of lightning hits the enormous slime creature!!
The bolt of lightning hits the four-headed hydra!!
The bolt of lightning hits the wyvern!!
The bolt of lightning hits the manticore!!!
The bolt of lightning hits the centaur!!
The centaur dies!
Makhleb accepts your kill.
Unknown command.
You feel much better. The enormous slime creature hits you!!!
You die...

#..♣♣♣..P♣♣♣P..♣♣♣..P♣♣♣P. #.P♣
♣...♣ ♣P..♣ ♣...♣ ♣..
########.P♣♣♣...♣ ♣..P♣ ♣P..♣ ♣P.
..........P.PP.)..PP.P.P...PPP...
......##......cHc................
......#########l####....####...##
.....÷#########D *
....[.)......##J### >
'####)[......##2@.# * , .#
#)............# * * .#
#.............+ ,, .##
#.............#** ** ..#
#.............# , ..#
#.............# ..#
#.............# * ..#
#.............# ..#
#.............# *


You could see a four-headed hydra, an enormous slime creature, a manticore, a
wyvern, a centaur and a friendly blizzard demon.

Vanquished Creatures
  Saint Roka (Orc:1)
  Jorgrun (Orc:2)
  Azrael (D:13)
  A minotaur (Gauntlet)
  Fannar (D:12)
  Erolcha (D:13)
  7 hydras
  2 catoblepae
  Erica (Lair:1)
  3 centaur warriors
  5 two-headed ogres
  2 dancing weapons (D:13)
  5 death yaks
  Urug (Lair:5)
  An orc high priest (Orc:1)
  Nergalle (Lair:1)
  A fire crab (Gauntlet)
  An unseen horror (D:12)
  A lindwurm (Lair:6)
  2 orc knights (Orc:2)
  2 orc sorcerers
  2 deep elf magi (D:12)
  2 cyclopes
  2 ugly things
  A manticore (D:13)
  Joseph (D:9)
  A centaur zombie (D:12)
  9 elephants
  7 black mambas
  A gargoyle (D:13)
  An eye of devastation (Gauntlet)
  3 spiny frogs
  A freezing wraith (D:14)
  5 komodo dragons
  2 trolls
  5 polar bears
  Prince Ribbit (D:7)
  4 slime creatures (D:14)
  11 blink frogs
  A blink frog (shapeshifter) (D:14)
  8 hippogriffs
  2 meliai zombies
  A vampire (D:11)
  A shadow (D:13)
  2 wyverns
  5 fire bats (Gauntlet)
  31 yaks
  2 fire elementals (D:13)
  A basilisk (D:13)
  A golden eye (Gauntlet)
  4 hungry ghosts
  7 vampire mosquitoes
  2 acid dragons
  A soldier ant (D:11)
  3 wargs
  2 nagas (Lair:2)
  18 water moccasins
  5 hell hounds
  9 porcupines
  34 orc warriors
  5 black bears
  5 ice beasts
  An eye of draining (shapeshifter) (D:12)
  8 ogres
  4 phantoms
  4 sky beasts
  A necrophage (D:12)
  15 centaurs
  49 wolves
  10 crocodiles
  A big kobold (D:10)
  20 bullfrogs
  A gnoll sergeant (D:7)
  A wyvern zombie (D:14)
  2 wyvern skeletons (D:7)
  4 scorpions
  5 killer bees (D:9)
  7 wights
  An electric eel (Lair:4)
  6 howler monkeys
  4 crimson imps
  2 bullfrog zombies
  A quasit (D:11)
  11 jellies
  8 orc priests
  3 bullfrog skeletons
  4 hounds
  13 orc wizards
  Crazy Yiuf (D:7)
  3 centaur skeletons
  Jessica (D:3)
  7 iguanas
  7 hell rats (Lair:3)
  6 worker ants
  A hound skeleton (D:10)
  A howler monkey skeleton (D:10)
  7 gnolls
  10 adders
  17 river rats (Lair:3)
  3 shadow imps
  An ooze (D:4)
  A worm (D:2)
  5 leopard geckos
  61 orcs
  3 ball pythons
  8 bats
  3 giant cockroaches
  7 hobgoblins
  6 jackals
  16 kobolds
  9 quokkas
  3 frilled lizards
  12 goblins
  2 jackal skeletons
  A leopard gecko zombie (D:5)
  A quokka skeleton (D:4)
  A quokka zombie (D:5)
  9 rats
  2 fungi (Lair:6)
  7 plants
658 creatures vanquished.

Vanquished Creatures (collateral kills)
  Rupert (Orc:2)
  A hydra (Lair:1)
  A catoblepas (Lair:4)
  A deep troll shaman (Lair:6)
  A two-headed ogre (D:11)
  An orc high priest (Orc:1)
  4 death yaks
  2 orc sorcerers
  An ugly thing (D:11)
  3 elephants
  A spiny frog (Lair:5)
  A komodo dragon (Lair:4)
  3 blink frogs (Lair:5)
  A wyvern (D:11)
  A fire bat (Gauntlet)
  A water moccasin (Lair:4)
  4 orc warriors
  2 wolves (Lair:5)
  3 centaurs
  An orc wizard (Orc:2)
  An orc (Orc:2)
  2 jackals (D:11)
37 creatures vanquished.

Vanquished Creatures (others)
  A hell hog (Gauntlet)
  2 blink frogs (Lair:3)
  A wight (D:13)
  A jelly (D:13)
  A bush (Lair:4)
  11 fungi
  19 plants
36 creatures vanquished.

Grand Total: 731 creatures vanquished

Notes
Turn   | Place    | Note
-------+----------+-------------------------------------------
     0 | D:1      | Aviak the Deep Dwarf Fighter began the quest for the Orb.
     0 | D:1      | Reached XP level 1. HP: 20/20 MP: 1/1
     0 | D:1      | Noticed a tentacled monstrosity
     0 | D:1      | Noticed a shadow dragon
     0 | D:1      | Noticed a tentacled monstrosity
     2 | D:1      | Noticed an ice dragon
     4 | D:1      | Noticed a large abomination
     5 | D:1      | Noticed a tentacled monstrosity
     6 | D:1      | Noticed a golden dragon
     7 | D:1      | Noticed a shadow dragon
    10 | D:1      | Noticed a tentacled monstrosity
    10 | D:1      | Noticed an orb of fire
    13 | D:1      | Noticed a large abomination
    15 | D:1      | Noticed a shadow dragon
    17 | D:1      | Noticed an orb of fire
    17 | D:1      | Noticed a tentacled monstrosity
    17 | D:1      | Noticed a yellow draconian
    19 | D:1      | Noticed a shadow dragon
    21 | D:1      | Noticed a tentacled monstrosity
    96 | D:1      | Reached XP level 2. HP: 22/27 MP: 2/2
   651 | D:2      | Reached XP level 3. HP: 33/34 MP: 2/2
   680 | D:2      | Found a radiant altar of Vehumet.
   834 | D:2      | Reached XP level 4. HP: 30/42 MP: 3/3
   907 | D:2      | Found a bloodstained altar of Trog.
  1163 | D:2      | Found a faded altar of an unknown god.
  1402 | D:3      | Found a sacrificial altar of Ru.
  1478 | D:3      | Noticed Jessica
  1481 | D:3      | Killed Jessica
  1481 | D:3      | Reached XP level 5. HP: 23/49 MP: 4/4
  1501 | D:3      | Found a sparkling altar of Nemelex Xobeh.
  1827 | D:3      | Found a glowing golden altar of the Shining One.
  1827 | D:3      | Found a runed translucent door.
  1827 | D:3      | Noticed an angel
  1964 | D:4      | Reached XP level 6. HP: 49/57 MP: 4/4
  1997 | D:4      | Found Ruetur's Weapon Emporium.
  2008 | D:4      | Bought a +0 hand axe of flaming for 81 gold pieces
  2293 | D:4      | Reached skill level 5 in Armour
  2293 | D:4      | Reached skill level 5 in Shields
  2499 | D:5      | Entered Level 5 of the Dungeon
  2767 | D:5      | Noticed a sky beast
  2803 | D:5      | Killed a sky beast
  2803 | D:5      | Reached XP level 7. HP: 41/66 MP: 5/5
  2834 | D:5      | Found a shadowy altar of Dithmenos.
  2976 | D:5      | Found an opulent altar of Gozag.
  3007 | D:5      | Found a runed translucent gate.
  3007 | D:5      | Found a runed translucent gate.
  3007 | D:5      | Found an opulent altar of Gozag.
  3008 | D:5      | Found a runed translucent gate.
  3008 | D:5      | Noticed Esos's ghost (amateur DgIE)
  3165 | D:6      | Reached skill level 5 in Axes
  3276 | D:6      | Found a transporter.
  3305 | D:6      | Noticed Nattefrost's ghost (novice HuMo)
  3317 | D:6      | Found a transporter.
  3318 | D:6      | Found a hazy altar of Hepliaklqana.
  3399 | D:6      | Reached skill level 5 in Fighting
  3399 | D:6      | Reached XP level 8. HP: 37/74 MP: 6/6
  3550 | D:6      | Found a shattered altar of Ashenzari.
  3664 | D:6      | Found Uzujarid's Distillery.
  3672 | D:6      | Bought a potion of heal wounds for 65 gold pieces
  3672 | D:6      | Bought a potion of heal wounds for 65 gold pieces
  3672 | D:6      | Bought a potion of curing for 39 gold pieces
  3778 | D:6      | Found a basalt altar of Yredelemnul.
  4007 | D:7      | Noticed Prince Ribbit
  4125 | D:7      | Found Ipughaf's Book Boutique.
  4292 | D:7      | Found a runed translucent door.
  4293 | D:7      | Noticed Crazy Yiuf
  4303 | D:7      | Killed Crazy Yiuf
  4357 | D:7      | Found a staircase to the Ecumenical Temple.
  4369 | Temple   | Entered the Ecumenical Temple
  4398 | Temple   | Became a worshipper of Makhleb the Destroyer
  4432 | D:7      | Killed Prince Ribbit
  4475 | D:7      | Found a shimmering altar of Xom.
  4489 | D:7      | Found a shimmering altar of Xom.
  4489 | D:7      | Found a shimmering altar of Xom.
  4489 | D:7      | Found a shimmering altar of Xom.
  4565 | D:7      | Gained mutation: You passively map the area around you.
                  | [Deep Dwarf growth]
  4565 | D:7      | Reached XP level 9. HP: 43/82 MP: 4/4
  4589 | D:7      | Reached skill level 1 in Invocations
  4710 | D:7      | Found a glowing golden altar of the Shining One.
  4815 | D:8      | Reached skill level 2 in Invocations
  4901 | D:8      | Found a staircase to the Lair.
  4928 | D:8      | Noticed a two-headed ogre
  4943 | D:8      | Killed a two-headed ogre
  4943 | D:8      | Reached skill level 4 in Invocations
  4995 | D:8      | Noticed a lindwurm
  4995 | D:8      | Noticed a lindwurm
  5017 | D:8      | Noticed a lindwurm
  5072 | D:8      | Reached * piety under Makhleb
  5120 | D:8      | Noticed a lindwurm
  5413 | D:8      | Found a glowing golden altar of the Shining One.
  5446 | D:8      | Found an ancient bone altar of Kikubaaqudgha.
  5446 | D:8      | Found a snail-covered altar of Cheibriados.
  5697 | D:9      | Found a staircase to the Orcish Mines.
  5721 | D:9      | Reached XP level 10. HP: 74/92 MP: 6/6
  5739 | D:9      | Reached skill level 5 in Invocations
  5837 | D:9      | Noticed Joseph
  5874 | D:9      | Killed Joseph
  6006 | D:9      | Reached ** piety under Makhleb
  6034 | D:9      | Found a white marble altar of Elyvilon.
  6089 | D:9      | Identified the +3 shield of Wobaeleo {rC+ rN++}
  6338 | D:9      | Reached skill level 6 in Invocations
  6531 | D:10     | Entered Level 10 of the Dungeon
  6925 | D:10     | Reached *** piety under Makhleb
  7154 | D:10     | Noticed a centaur warrior
  7182 | D:10     | Killed a centaur warrior
  7307 | D:11     | Reached skill level 7 in Invocations
  7431 | D:11     | Noticed a two-headed ogre
  7436 | D:11     | Killed a two-headed ogre
  7436 | D:11     | Reached XP level 11. HP: 63/103 MP: 8/8
  7471 | D:11     | Noticed a cyan ugly thing
  7480 | D:11     | Killed a cyan ugly thing
  8552 | Lair:1   | Entered Level 1 of the Lair of Beasts
  8636 | Lair:1   | Noticed Erica
  8647 | Lair:1   | Reached skill level 8 in Invocations
  8668 | Lair:1   | Killed Erica
  8668 | Lair:1   | Reached skill level 10 in Armour
  8668 | Lair:1   | Reached skill level 10 in Shields
  9054 | Lair:1   | Noticed Nergalle
  9103 | Lair:1   | Killed Nergalle
  9103 | Lair:1   | Reached skill level 10 in Axes
  9145 | Lair:1   | Noticed a four-headed hydra
  9171 | Lair:1   | Killed a four-headed hydra
  9332 | Lair:1   | Reached skill level 9 in Invocations
  9661 | Lair:2   | Found a staircase to the Snake Pit.
  9687 | Lair:2   | Reached XP level 12. HP: 89/112 MP: 7/7
  9703 | Lair:2   | Reached **** piety under Makhleb
  9733 | Lair:2   | Found a staircase to the Shoals.
  9802 | Lair:2   | Found a bloodstained altar of Trog.
  9810 | Lair:2   | Noticed a six-headed hydra
  9828 | Lair:2   | Killed a one-headed hydra
 10382 | Lair:3   | Reached skill level 10 in Invocations
 10771 | Lair:3   | Reached ***** piety under Makhleb
 11504 | Lair:4   | Noticed a five-headed hydra
 11516 | Lair:4   | Killed a one-headed hydra
 11537 | Lair:4   | Noticed a catoblepas
 11661 | Lair:4   | Killed a catoblepas
 11927 | Lair:4   | Noticed a five-headed hydra
 11937 | Lair:4   | Killed a one-headed hydra
 11937 | Lair:4   | Reached skill level 11 in Invocations
 11937 | Lair:4   | Reached XP level 13. HP: 84/123 MP: 9/9
 12027 | Lair:4   | Reached skill level 10 in Fighting
 12334 | Lair:4   | Found the +8 whip "Snakebite" {curare, rPois}
 12561 | Lair:5   | Reached skill level 1 in Dodging
 12721 | Lair:5   | Noticed Urug
 12744 | Lair:5   | Killed Urug
 13690 | Lair:6   | Entered Level 6 of the Lair of Beasts
 13823 | Lair:6   | Reached skill level 12 in Invocations
 14004 | Lair:6   | Found a staircase to the Slime Pits.
 14502 | Lair:6   | Gained mutation: You resist negative energy. (rN+) [Deep
                  | Dwarf growth]
 14502 | Lair:6   | Reached XP level 14. HP: 35/133 MP: 7/7
 14915 | Lair:6   | Reached skill level 5 in Dodging
 14934 | Lair:6   | Found the amulet of the Four Winds {rN+ MR+++ Clar}
 14944 | Lair:6   | Identified the Disquisition on Earthen Dark Magic
 15218 | Orc:1    | Entered Level 1 of the Orcish Mines
 15344 | Orc:1    | Noticed an Executioner
 15492 | Orc:1    | HP: 5/133 [orc sorcerer/bolt of fire[an orc high priest]
                  | (34)]
 15707 | Orc:2    | Entered Level 2 of the Orcish Mines
 15730 | Orc:2    | Found a roughly hewn altar of Beogh.
 15749 | Orc:2    | HP: 1/135 [sun demon[an orc high priest] (16)]
 15751 | Orc:2    | Noticed Saint Roka
 15802 | Orc:2    | Noticed Rupert
 15814 | Orc:2    | Killed Rupert
 15960 | Orc:1    | Killed Saint Roka
 15960 | Orc:1    | Reached skill level 13 in Invocations
 16306 | Orc:2    | Found a staircase to the Elven Halls.
 16717 | Orc:2    | Found Osere's Antique Weapon Emporium.
 16717 | Orc:2    | Found Askegago's Gadget Boutique.
 16730 | Orc:2    | Found Qaalunt's Gadget Shoppe.
 16732 | Orc:2    | Found Itugaqyo's Armour Shop.
 16752 | Orc:2    | Bought a runed war axe for 169 gold pieces
 16797 | Orc:2    | Noticed Jorgrun
 16817 | Orc:2    | Killed Jorgrun
 17784 | D:12     | Noticed Fannar
 17799 | D:12     | Killed Fannar
 18093 | D:13     | Noticed Azrael
 18107 | D:13     | Killed Azrael
 18107 | D:13     | Reached XP level 15. HP: 112/144 MP: 3/3
 18254 | D:13     | Found a gate to the Vaults.
 18347 | D:13     | Reached skill level 14 in Invocations
 18431 | D:13     | Noticed Erolcha
 18442 | D:13     | Killed Erolcha
 19231 | D:14     | Reached ****** piety under Makhleb
 19255 | D:14     | Found a gate leading to a gauntlet.
 19281 | Gauntlet | Entered a Gauntlet
 19281 | Gauntlet | Found a transporter.
 19281 | Gauntlet | Found a transporter.
 19281 | Gauntlet | Found a transporter.
 19302 | Gauntlet | Found a transporter.
 19315 | Gauntlet | Found a transporter.
 19326 | Gauntlet | Found a transporter.
 19345 | Gauntlet | Found a transporter.
 19349 | Gauntlet | Found a transporter.
 19352 | Gauntlet | Found a transporter.
 19354 | Gauntlet | Found a transporter.
 19360 | Gauntlet | Found a transporter.
 19363 | Gauntlet | Found a transporter.
 19602 | Gauntlet | Got a pair of scorched boots
 19608 | Gauntlet | Identified the cursed +0 pair of boots of Gigivebb {+Inv
                  | MR+ Regen+ Dex-4} (You found it in a Gauntlet)
 19673 | Gauntlet | Identified the Grimoire of Self-Knowledge
 19747 | D:14     | Slain by an enormous slime creature

Levels and vault maps discovered:
D:1:      shiori_arrival_whats_in_store_for_you, layout_loops_ring,
          serial_glass, glass_columns_c, glass_columns_a,
          hangedman_decor_diamond_cutter, minmay_misc_feat_plants
D:2:      layout_loops_cross, lemuel_crystal_altar, bloody_trog,
          chequers_ecumenical_altar_grove
D:3:      layout_basic, nemelex_xobeh_ov_fountains_minmay,
          nicolae_ru_awakened_eye, first_ration, serial_park_tiny_pond,
          lemuel_angel_altar, uniq_jessica
D:4:      layout_rooms, serial_shops, shop_statue
D:5:      layout_basic, nicolae_dithmenos_the_darkroom, grunt_gozag_breadcrumbs,
          ebering_ghost_gozag, hangedman_abyss_or_decor_stabs
D:6:      layout_loops_corners, overflow_temple_1_default, kennysheep_mini_moat,
          lemuel_crystal_altar, gammafunk_ghost_stat_death, serial_shops,
          nicolae_shop_crystal
D:7:      layout_gridville, nicolae_tso_carved_into_rock,
          minmay_temple_entry_steel_oval, serial_shops, kennysheep_mini,
          grunt_livestock, xom_redecorated, uniq_crazy_yiuf_cottage,
          uniq_prince_ribbit1
D:8:      layout_loops_ring, gammafunk_temple_overflow_elements,
          lair_entry_dummy, basic_altar, minmay_lindwurm_lava
D:9:      layout_loops_cross, nicolae_overflow_crystal_walls, orc_david_3,
          uniq_joseph
D:10:     layout_roguey, kennysheep_generic_room_12
D:11:     layout_layer_cave
D:12:     layout_irregular_city, uniq_fannar
D:13:     layout_layer_cave, erik_vaults_1, grunt_ministairs_8,
          columned_hall_lemuel, uniq_erolcha, uniq_azrael
D:14:     layout_basic, gauntlet_entry_generic, kennysheep_boxes
Temple:   jpeg_temple_island
Lair:1:   layout_cave_pods, hangedman_lair_generics_rect, serial_bayou_shore_b,
          uniq_nergalle, uniq_erica
Lair:2:   layout_loops_ring, minmay_shoals_entry_centaurs,
          minmay_snake_entry_guardpost_small, basic_altar
Lair:3:   lemuel_ratsnest, layout_loops_ring, lemuel_old_faithful
Lair:4:   minmay_guarded_unrand_snakebite, layout_concentric_octagons,
          minmay_stone_trees_medium, cheibrodos_lair_caveside_slide,
          infiniplex_staircase_pool, lemuel_fruit_tree, serial_bayou_shore_b
Lair:5:   layout_layer_cave, grunt_forest_large_clearings, grunt_megastairs_1,
          uniq_urug
Lair:6:   grunt_lair_end_beastmaster, layout_cave_pods, dpeg_slime_entry_corner
Orc:1:    layout_caves, enter_bailey_3
Orc:2:    st_orc_rangers, layout_caves, basic_altar, uniq_jorgrun,
          uniq_saint_roka, uniq_rupert

Skill      XL: |  1  2  3  4  5  6  7  8  9 10 11 12 13 14 15 |
---------------+----------------------------------------------+-----
Fighting       | 3 4 5 6 7 8 9 10 11 | 11.9
Axes           | 3 4 5 6 7 9 10 11 12 13 | 13.6
Armour         | 4 5 6 7 8 9 10 11 12 13 | 13.1
Shields        | 4 5 6 7 8 9 10 11 12 13 | 13.8
Invocations    | 4 7 9 11 12 13 14 | 14.2
Dodging        | 4 5 |  5.4

Action                   |  1- 3 |  4- 6 |  7- 9 | 10-12 | 13-15 || total
-------------------------+-------+-------+-------+-------+-------++-------
Melee: War axe           |   114 |   182 |   376 |  1287 |  1438 ||  3397
       Hand axe          |       |       |       |    27 |    32 ||    59
       Broad axe         |       |       |       |       |    26 ||    26
Invok: Lesser Servant of |       |       |       |     7 |    21 ||    28
       Minor Destruction |       |       |       |     1 |       ||     1
       Major Destruction |       |       |       |       |     6 ||     6
       Greater Servant o |       |       |       |       |     4 ||     4
 Abil: Heal Wounds       |     1 |     4 |    16 |    12 |    43 ||    76
Evoke: Wand              |       |       |     3 |       |     7 ||    10
 Stab: Distracted        |       |       |       |     3 |     9 ||    12
       Petrified         |       |       |       |    27 |     6 ||    33
       Petrifying        |       |       |       |     1 |     2 ||     3
  Eat: Chunk             |       |     6 |     6 |    22 |    20 ||    54
       Ration            |       |       |     4 |     1 |     4 ||     9
Armor: Scale mail        |    65 |    39 |       |       |       ||   104
       Chain mail        |       |    74 |   228 |       |    14 ||   316
       Plate armour      |       |       |     7 |   885 |   745 ||  1637
Dodge: Dodged            |    39 |    57 |    83 |   290 |   385 ||   854
Block: Shield            |    71 |   123 |   228 |  1195 |  1378 ||  2995
